 Dungeon Crawl Stone Soup version 0.17-a0-1804-gf6433eb (webtiles) character file.

3829 ithil the Poker (level 9, 0/69 HPs)
             Began as a Demonspawn Gladiator on Sept 11, 2015.
             Slain by a killer bee (2 damage)
             ... on level 8 of the Dungeon.
             The game lasted 00:59:54 (8381 turns).

ithil the Poker (Demonspawn Gladiator)              Turns: 8381, Time: 00:59:54

Health: 0/69       AC: 15    Str: 18    XL:     9   Next: 97%
Magic:  9/9        EV: 14    Int: 10    God:
Gold:   292        SH:  0    Dex: 14    Spells: 1 memorised, 4 levels left

rFire  + . .     SeeInvis .     u - +1 spear (venom)
rCold  + . .     Clarity  .     g - +3 leather armour {rF+}
rNeg   . . .     SustAt   .     (no shield)
rPois  .         Gourm    .     s - +2 helmet
rElec  .         Spirit   .     R - +0 cloak
rCorr  .         Warding  .     (no gloves)
rMut   .         Stasis   .     w - +0 pair of boots
MR     .....                    z - amulet of rage
Stlth  +++++.....               (no ring)
                                S - ring of protection from cold

@: lethally poisoned (0 -> -4), not resistant to hostile enchantments, quite
stealthy
A: claws 1, yellow scales 2, nightstalker 2, rot immunity
a: Evoke Berserk Rage


You were on level 8 of the Dungeon.
You were not hungry.

You visited 2 branches of the dungeon, and saw 9 of its levels.
You also visited: Sewer.

You collected 325 gold pieces.
You spent 33 gold pieces at shops.

Inventory:

Hand weapons
 a - a +0 trident
 i - a +2 dire flail
 o - a +0 dagger of venom
 r - a +4 short sword
 t - a +2 trident of protection
 u - a +1 spear of venom (weapon)
 v - a +1 scimitar
 F - a +2 flail of crushing
 K - a cursed -3 dagger
Missiles
 m - 300 stones
 x - 2 javelins of penetration (quivered)
Armour
 c - a +0 helmet
 g - a +3 leather armour of fire resistance (worn)
 j - a +0 cloak
 s - a +2 helmet (worn)
 w - a +0 pair of boots (worn)
 R - a +0 cloak (worn)
 T - a +0 pair of boots
Jewellery
 z - an amulet of rage (around neck)
 S - a ring of protection from cold (left claw)
Magical devices
 k - a wand of slowing (23)
 Z - a wand of digging (16)
Scrolls
 d - 3 scrolls of amnesia
 p - a scroll of blinking
 q - 3 scrolls of fog
 B - 3 scrolls of recharging
 C - 2 scrolls of remove curse
 E - 3 scrolls of enchant weapon
 N - a scroll of magic mapping
 O - 2 scrolls of fear
 P - 2 scrolls of identify
Potions
 D - 2 potions of brilliance
 G - 2 potions of flight
 H - 2 potions of lignification {unknown}
 I - a potion of invisibility
 M - 2 potions of curing
 U - a potion of haste
Books
 n - a book of Necromancy

   Spells                             Type                      Level
   a - Pain                           Necromancy                   1
   b - Animate Skeleton               Necromancy                   1
   c - Vampiric Draining              Necromancy                   3
   d - Regeneration                   Charms/Necromancy            3
   e - Animate Dead                   Necromancy                   4
   f - Control Undead                 Necromancy                   4
 L - a book of Unlife

   Spells                             Type                      Level
   a - Recall                         Summoning/Translocation      3
   b - Animate Dead                   Necromancy                   4
   c - Control Undead                 Necromancy                   4
   d - Cigotuvi's Embrace             Necromancy                   5
   e - Death Channel                  Necromancy                   6
   f - Simulacrum                     Ice/Necromancy               6
Comestibles
 e - 2 bread rations
 f - 6 fruits
 l - 3 meat rations
 X - a slice of pizza


   Skills:
 + Level 6.2 Fighting
 + Level 7.2 Polearms
 - Level 2.1 Throwing
 + Level 5.5 Armour
 - Level 5.6 Dodging
 + Level 6.6 Stealth


You had 4 spell levels left.
You knew the following spells:

 Your Spells              Type           Power        Failure   Level  Hunger
a - Animate Dead          Necr           N/A          100%        4    #####..


Dungeon Overview and Level Annotations

Branches:
Dungeon (8/15)             Temple (1/1) D:4
   Lair: D:8-11

Altars:
Ashenzari
Cheibriados
Dithmenos
Elyvilon
Fedhas
Gozag
Kikubaaqudgha
Makhleb
Nemelex Xobeh
Qazlal
Ru
Sif Muna
Trog
Vehumet
Yredelemnul
Zin
The Shining One

Shops:
D:4 *


Innate Abilities, Weirdness & Mutations

You have sharp fingernails.
You are mostly covered in yellow scales (AC +3).
You are significantly more attuned to the shadows.
You are immune to rotting.


Message History

You hit Pikel but do no damage.
Pikel is almost dead.
You feel sick.
The killer bee stings you but does no damage.
The killer bee stings you but does no damage.
You bump into the rock wall.
You feel sick. The killer bee stings you.
Pikel hits you with a whip of electrocution.
You are electrocuted!
* * * LOW HITPOINT WARNING * * *
The killer bee stings you!
* * * LOW HITPOINT WARNING * * *
You hit Pikel.
You kill Pikel!
Your Fighting skill increases to level 6!
With Pikel's spell broken, the former slaves thank you for their freedom.
You feel less confused. The killer bee stings you.
* * * LOW HITPOINT WARNING * * *
The killer bee stings you.
You die...

#.# #.# #.# ##.#####
#....... #####
#..##### ###....
##..####### #....p.
#....)pp..#####p#.#.#
#...@y†p.....p....#.#
#).######>#####.#.#.#
#..# #.# #.....# #..#
#.# ###....
#..######.## #####
#........[)#
#.#######).# #.# #..#
#.#######..#


You could see a killer bee and 3 neutral freed slaves.

Vanquished Creatures
  Pikel (D:8)
  Joseph (D:8)
  A trapdoor spider zombie (D:8)
  2 hungry ghosts
  A basilisk (D:8)
  Menkaure (D:7)
  A hippogriff (D:7)
  Edmund (D:5)
  Duvessa (D:6)
  A centaur (D:6)
  An ogre (D:5)
  A black bear (D:5)
  A necrophage (D:7)
  A sky beast (D:7)
  2 orc warriors
  A slave (D:8)
  A phantom (D:7)
  A giant frog (D:8)
  A big kobold (Sewer)
  The ghost of orochimarko the Vexing, an average VSAM (D:3)
  2 killer bees (D:8)
  Dowan (D:6)
  3 wights (D:6)
  3 scorpions
  A jelly (D:5)
  A centaur skeleton (D:8)
  A hound (D:6)
  3 orc wizards
  2 orc priests
  Jessica (D:2)
  A giant frog skeleton (D:4)
  2 iguanas
  4 worker ants
  A hound skeleton (D:8)
  A worker ant zombie (D:6)
  3 river rats (Sewer)
  12 adders
  2 oozes
  2 giant geckos
  26 orcs
  13 bats
  5 goblins
  12 hobgoblins
  10 kobolds
  6 quokkas
  5 giant cockroaches
  7 giant newts
  8 jackals
  A quokka skeleton (D:5)
  8 rats
  A plant (D:2)
170 creatures vanquished.

Notes
Turn   | Place    | Note
--------------------------------------------------------------
     0 | D:1      | ithil the Demonspawn Gladiator began the quest for the Orb.
     0 | D:1      | Reached XP level 1. HP: 16/16 MP: 1/1
   200 | D:1      | Reached skill level 3 in Dodging
   203 | D:1      | Gained mutation: You are partially covered in yellow scales (AC +2). [demonic ancestry]
   203 | D:1      | Reached XP level 2. HP: 12/22 MP: 2/2
   848 | D:2      | Gained mutation: You are slightly more attuned to the shadows. [demonic ancestry]
   848 | D:2      | Reached XP level 3. HP: 25/28 MP: 3/3
  1521 | D:2      | Reached skill level 1 in Armour
  1546 | D:2      | Found a shadowy altar of Dithmenos.
  1563 | D:2      | Noticed Jessica
  1589 | D:2      | Killed Jessica
  1589 | D:2      | Gained mutation: You are immune to rotting. [demonic ancestry]
  1589 | D:2      | Reached XP level 4. HP: 18/34 MP: 4/4
  1783 | D:2      | Reached skill level 1 in Stealth
  2293 | D:3      | Noticed orochimarko's ghost (average VSAM)
  2308 | D:3      | Killed orochimarko's ghost
  2308 | D:3      | Reached XP level 5. HP: 22/39 MP: 5/5
  2504 | D:3      | Reached skill level 4 in Dodging
  3091 | D:4      | Reached XP level 6. HP: 46/46 MP: 6/6
  3270 | D:4      | Found a staircase to the Ecumenical Temple.
  3283 | Temple   | Entered the Ecumenical Temple
  3564 | D:4      | Found Estiegyo's General Store.
  3571 | D:4      | Bought a potion of curing for 33 gold pieces
  3724 | D:5      | Entered Level 5 of the Dungeon
  3860 | D:5      | Found a burning altar of Makhleb.
  3902 | D:5      | Noticed Edmund
  3915 | D:5      | Killed Edmund
  3946 | D:5      | Gained mutation: You are mostly covered in yellow scales (AC +3). [demonic ancestry]
  3946 | D:5      | Reached XP level 7. HP: 51/51 MP: 7/7
  3986 | D:5      | Found a bloodstained altar of Trog.
  4040 | D:5      | Found a glowing drain.
  4050 | Sewer    | Entered a sewer
  4064 | Sewer    | Reached skill level 5 in Dodging
  4223 | Sewer    | Found a white marble altar of Elyvilon.
  5243 | D:6      | Found a radiant altar of Vehumet.
  5438 | D:6      | Found a sacrificial altar of Ru.
  5462 | D:6      | Gained mutation: You are significantly more attuned to the shadows. [demonic ancestry]
  5462 | D:6      | Reached XP level 8. HP: 58/58 MP: 8/8
  5469 | D:6      | Learned a level 4 spell: Animate Dead
  5575 | D:6      | Noticed Dowan
  5576 | D:6      | Noticed Duvessa
  5589 | D:6      | Killed Dowan
  5610 | D:6      | Killed Duvessa
  5969 | D:6      | Reached skill level 5 in Polearms
  6881 | D:7      | Noticed Menkaure
  6902 | D:7      | Killed Menkaure
  6902 | D:7      | Reached skill level 5 in Stealth
  6993 | D:7      | Gained mutation: You have sharp fingernails. [demonic ancestry]
  6993 | D:7      | Reached XP level 9. HP: 61/67 MP: 9/9
  7034 | D:7      | Found a deep blue altar of Sif Muna.
  7124 | D:7      | Reached skill level 6 in Polearms
  7237 | D:8      | Noticed Pikel
  7305 | D:8      | Found an opulent altar of Gozag.
  7340 | D:8      | Reached skill level 5 in Fighting
  7769 | D:8      | Noticed Joseph
  7792 | D:8      | Killed Joseph
  7847 | D:8      | Reached skill level 5 in Armour
  8353 | D:8      | Reached skill level 7 in Polearms
  8381 | D:8      | Killed Pikel
  8381 | D:8      | HP: 2/69 [killer bee (5)]
  8381 | D:8      | Slain by a killer bee

Vault maps used:
D:1:      dpeg_arrival_orchard
D:2:      serial_forest, infiniplex_forest_lined_room_, infiniplex_forest_end_3,
          infiniplex_forest_join, infiniplex_forest_end_2,
          hangedman_decor_clover_reticule, nicolae_dithmenos_shadow_blocks,
          uniq_jessica
D:3:      first_bread
D:4:      minmay_temple_entry_poolview, serial_shops, shop
D:5:      kennysheep_mini, lemuel_doored_altar, portal_sewer_entry_d,
          kennysheep_crisscross, uniq_edmund
D:6:      kennysheep_mini_moat, nicolae_ru_great_annihilating_truth,
          uniq_duvessa
D:7:      basic_altar, uniq_menkaure
D:8:      lemuel_coloured_pillars_altar, david_defended_altar_orc, uniq_psyche,
          uniq_joseph, uniq_pikel
Temple:   circular_temple_12
Sewer:    sewer_kobolds

Action                   |  1- 3 |  4- 6 |  7- 9 || total
-------------------------+-------+-------+-------++-------
Melee: Trident           |   177 |     7 |       ||   184
       Spear             |       |   154 |   596 ||   750
Throw: Throwing net      |    11 |     5 |     1 ||    17
       Stone             |       |       |     1 ||     1
       Javelin           |       |       |    10 ||    10
  Use: Scroll            |     3 |     9 |    10 ||    22
       Potion            |     2 |     7 |    15 ||    24
 Stab: Sleeping          |     2 |     5 |    10 ||    17
       Paralysed         |       |       |     3 ||     3
       Invisible         |       |       |     1 ||     1
       Distracted        |       |       |     1 ||     1
  Eat: Chunk             |     2 |     5 |     7 ||    14
       Fruit             |     1 |     1 |     2 ||     4
       Bread ration      |       |     1 |       ||     1
       Meat ration       |       |       |     3 ||     3
       Pizza             |       |       |     1 ||     1
       Beef jerky        |       |       |     1 ||     1
